 Dungeon Crawl Stone Soup version 0.21-a0-417-g0adc95b (webtiles) character file.

164 hazymike the Skirmisher (level 5, 0/48 HPs)
             Began as a Ghoul Chaos Knight on Nov 3, 2017.
             Killed from afar by an orc wizard (6 damage)
             ... with a magic dart
             ... on level 4 of the Dungeon.
             The game lasted 00:38:15 (3232 turns).

hazymike the Skirmisher (Ghoul Chaos Knight)        Turns: 3232, Time: 00:38:19

Health: 0/48       AC:  5    Str: 17    XL:     5   Next: 45%
Magic:  4/4        EV: 16    Int:  7    God:    Xom [...*..]
Gold:   95         SH:  0    Dex: 13    Spells: 4/4 levels left

rFire    . . .     SeeInvis .     - Unarmed
rCold    + . .     Gourm    .   (no shield)
rNeg     + + +     Faith    .   b - +2 leather armour
rPois    ∞         Spirit   .   (no helmet)
rElec    .         Reflect  .   (no cloak)
rCorr    .         Harm     .   (no gloves)
MR       .....                  (no boots)
Stlth    ++........             (no amulet)
HPRegen  0.00/turn              (no ring)
MPRegen  0.09/turn              (no ring)

@: agile, rotting, slowed, very slow
A: rotting body, claws 1, carnivore 3, cold resistance 1, negative energy
resistance 3, inhibited regeneration, torment resistance, unbreathing
a: Renounce Religion


You were on level 4 of the Dungeon.
You worshipped Xom.
You were a favourite toy of Xom.
You were not hungry.

You visited 1 branch of the dungeon, and saw 4 of its levels.

You collected 95 gold pieces.

Inventory:

Missiles
 a - 22 arrows
 d - 71 sling bullets
 h - 60 bolts
 o - a javelin (quivered)
Armour
 b - a +2 leather armour (worn)
 j - a +0 helmet
Jewellery
 s - a cursed ring of teleportation {unknown}
Scrolls
 e - 4 scrolls of identify {unknown}
 f - a scroll of random uselessness {unknown}
 g - a scroll of blinking {unknown}
 n - 2 scrolls of amnesia {unknown}
 p - 2 scrolls of remove curse {unknown}
 r - a scroll of enchant armour {unknown}
 u - a scroll of teleportation {unknown}
Potions
 i - a potion of curing
 m - a potion of agility
 q - a potion of invisibility {unknown}
 v - a potion of mutation {unknown}
Comestibles
 c - 2 meat rations
 l - 4 royal jellies
 t - 4 fruits


   Skills:
 + Level 5.1 Fighting
   Level 2.6 Maces & Flails
 - Level 1.7 Armour
 - Level 0.8 Dodging
 + Level 3.7 Unarmed Combat


You had 4 spell levels left.
You didn't know any spells.

Dungeon Overview and Level Annotations

Branches:
Dungeon (4/15)
 Temple: D:4-7

Altars:
Sif Muna


Innate Abilities, Weirdness & Mutations

Your body is rotting away.
You thrive on raw meat.
You are immune to poison.
You have sharp fingernails.
You are carnivorous and can eat meat at any time.
Your flesh is cold resistant. (rC+)
You are immune to negative energy. (rN+++)
You do not regenerate when monsters are visible.
You are immune to unholy pain and torment.
You can survive without breathing.


Message History

* * * LOW HITPOINT WARNING * * *
The orc wizard gestures at you while chanting.
The magic dart hits you!
* * * LOW HITPOINT WARNING * * *
It was a potion of curing.
You feel better.
Xom thinks this is hilarious!
The orc wizard casts a spell at you. The magic dart hits you!
* * * LOW HITPOINT WARNING * * *
The orc closely misses you. The orc misses you.
The orc wizard points at you and mumbles some strange words.
The magic dart hits you!
* * * LOW HITPOINT WARNING * * *
It was a potion of agility.
You feel agile all of a sudden.
Xom roars with laughter!
The orc wizard casts a spell at you. The magic dart hits you!
You die...
Xom is highly amused!

#### #..##########
#...'...$....
#..o#...(....
#.oo#.......>
##########@##..##...
#..##..###o###### ..
#.......'.......+ .
#.......#.......#
#..##..###..##.##
#####..###..# #
#...........+
#...........#
#..##..##.###


You could see an orc wizard and 3 orcs.

Vanquished Creatures
  A worker ant (D:4)
  2 adders
  4 gnolls
  A leopard gecko (D:1)
  7 orcs (D:3)
  2 ball pythons
  9 bats
  4 giant cockroaches
  7 hobgoblins
  7 jackals
  3 kobolds
  2 quokkas
  3 frilled lizards
  5 goblins
  A leopard gecko zombie (D:3)
  15 rats
73 creatures vanquished.

Notes
Turn   | Place    | Note
-------+----------+-------------------------------------------
     0 | D:1      | hazymike the Ghoul Chaos Knight began the quest for the Orb.
     0 | D:1      | Reached XP level 1. HP: 19/19 MP: 0/0
   266 | D:1      | XOM: divination: magic mapping
   267 | D:1      | Reached skill level 1 in Unarmed Combat
   278 | D:1      | Reached XP level 2. HP: 26/26 MP: 1/1
   465 | D:1      | XOM: 1-stop teleportation journey
   535 | D:1      | Reached XP level 3. HP: 32/32 MP: 2/2
   556 | D:1      | Reached skill level 4 in Fighting
   934 | D:1      | XOM: summons 1 hostile demon
  1086 | D:2      | Reached XP level 4. HP: 41/41 MP: 3/3
  1227 | D:1      | XOM: summons 2 hostile shadow creatures
  1305 | D:1      | XOM: harmless Ice miscast
  2231 | D:2      | XOM: cloud trail
  2415 | D:3      | Reached XP level 5. HP: 47/47 MP: 4/4
  2549 | D:3      | Reached skill level 5 in Fighting
  3023 | D:3      | Found a deep blue altar of Sif Muna.
  3230 | D:4      | HP: 2/48 [orc wizard/magic dart (7)]
  3232 | D:4      | Killed from afar by an orc wizard

Vault maps used:
D:1:      lightli_arrival_quake
D:2:      serial_co_window_serial, co_window_of_opportunity_a,
          co_window_paths_a, co_window_paths_a, co_window_paths_a,
          co_window_corner_a, co_window_corner_ca, co_window_broadway_c,
          co_window_corner_b, co_window_unsneaky_path_c, co_window_corner_b,
          glass_columns_a, minivault_25
D:3:      lemuel_blue_sif_altar, minmay_strange_pillars
D:4:      old_standard_altar, nicolae_overflow_crystal_walls,
          kennysheep_decorative_pillar, kennysheep_another_room,
          trog_three_pillars_becter

Skill      XL: |  1  2  3  4  5 |
---------------+----------------+-----
Unarmed Combat | 1 2 3 |  3.7
Fighting       | 4 5 |  5.1
Maces & Flails | |  2.6
Armour         | |  1.7
Dodging        | |  0.8

Action                   |  1- 3 |  4- 6 || total
-------------------------+-------+-------++-------
Melee: Mace              |    17 |       ||    17
       Unarmed           |   127 |   135 ||   262
       Punch             |       |     2 ||     2
Throw: Javelin           |     5 |    10 ||    15
  Use: Potion            |       |     2 ||     2
  Eat: Chunk             |    13 |    12 ||    25
Armor: Leather armour    |    34 |    43 ||    77
Dodge: Dodged            |    71 |    84 ||   155

Table legend:
 A = Spawn XP
 B = Non-spawn XP
 C = Spawn XP percentage of total XP
 D = Spawn monster count
 E = Non-spawn monster count
 F = Spawn count percentage of total count
 G = Total turns spent on level
                    A         B        C        D         E        F      G
               +---------+---------+-------+---------+---------+-------+---------
         Total |       0 |     235 |   0.0 |       0 |      73 |   0.0 |  3232
               +---------+---------+-------+---------+---------+-------+---------
           D:1 |       0 |      70 |   0.0 |       0 |      35 |   0.0 |  1251
           D:2 |       0 |      70 |   0.0 |       0 |      12 |   0.0 |  1059
           D:3 |       0 |      59 |   0.0 |       0 |      25 |   0.0 |   850
           D:4 |       0 |      36 |   0.0 |       0 |       1 |   0.0 |    72
               +---------+---------+-------+---------+---------+-------+---------
